 Dungeon Crawl Stone Soup version 0.29.1-1-gd02db6906a (webtiles) character file.

Game seed: 10338149649157716500

134 xian the Chopper (level 4, -7/37 HPs)
             Began as a Draconian Gladiator on Oct 17, 2022.
             Mangled by a gnoll
             ... wielding a +0 flail
              (8 damage)
             ... on level 3 of the Dungeon.
             The game lasted 00:05:38 (3256 turns).

xian the Chopper (Draconian Gladiator)              Turns: 3256, Time: 00:05:38

Health: -7/37      AC:  6    Str: 18    XL:     4   Next: 95%
Magic:  4/4        EV: 13    Int: 14    God:
Gold:   71         SH:  0    Dex: 13    Spells: 3/3 levels left

rFire   . . .      SeeInvis +   a - +0 war axe
rCold   . . .      Faith    .   (no shield)
rNeg    . . .      Spirit   .   (body armour unavailable)
rPois   .          Reflect  .   b - +0 hat
rElec   .          Harm     .   (no cloak)
rCorr   .          Rampage  .   (no gloves)
Will    .....                   f - +0 pair of boots
Stlth   ++........              (no amulet)
HPRegen 0.12/turn               j - +6 ring of intelligence
MPRegen 0.09/turn               n - ring of see invisible

@: no status effects
A: AC +5, unfitting armour, cold-blooded
a: no special abilities


You were on level 3 of the Dungeon.
You visited 1 branch of the dungeon, and saw 3 of its levels.

You collected 71 gold pieces.

Inventory:

Hand Weapons
 a - a +0 war axe (weapon)
 r - a +4 short sword
Missiles
 c - a throwing net (quivered)
 d - a javelin
Armour
 b - a +0 hat (worn)
 f - a +0 pair of boots (worn)
Jewellery
 j - a +6 ring of intelligence (left hand)
 n - a ring of see invisible (right hand)
Scrolls
 e - a scroll of enchant armour {unknown}
 p - a scroll of enchant weapon {unknown}
 q - a scroll of summoning {unknown}
 s - a scroll of identify {unknown}
 t - a scroll of fear {unknown}
Potions
 g - a potion of curing {unknown}
 h - 2 potions of lignification {unknown}
 i - a potion of mutation {unknown}
 k - a potion of heal wounds {unknown}
 l - a potion of flight {unknown}
 o - a potion of might {unknown}


   Skills:
 + Level 2.7 Fighting
 + Level 4.4 Axes
 + Level 1.9 Throwing
 + Level 3.6 Dodging
 + Level 1.1 Stealth


You had 3 spell levels left.
You didn't know any spells.
Your spell library contained the following spells:

 Spells                   Type           Power      Damage    Failure   Level
 Slow                     Hex            0%         N/A       28%         1
 Confusing Touch          Hex            0%         N/A       65%         3
 Vampiric Draining        Necr           0%         2d6       65%         3
 Blade Hands              Tmut           0%         N/A       100%        5
 Irradiate                Conj/Tmut      0%         3d11      100%        5
 Dragon Form              Tmut           0%         N/A       100%        7


Dungeon Overview and Level Annotations

Branches:
Dungeon (3/15)

Altars:


Innate Abilities, Weirdness & Mutations

Your plain brown scales are hard. (AC +5)
You cannot fit into any form of body armour.
You are cold-blooded and may be slowed by cold attacks.


Message History

You throw a throwing net. The throwing net hits the gnoll.
The gnoll is caught in the net!
The gnoll is lightly wounded.
The gnoll struggles against the net.
The gnoll struggles against the net.
You catch the helpless gnoll completely off-guard!
You slash the gnoll!
You kill the gnoll!
You barely miss the gnoll. The gnoll hits you with a +0 club.
The gnoll hits you with a +0 club!
You hit the gnoll but do no damage. The gnoll closely misses you.
You barely miss the gnoll. The gnoll barely misses you.
You barely miss the gnoll. The gnoll hits you with a +0 club!
The gnoll closely misses you.
You barely miss the gnoll. The gnoll barely misses you.
You slash the gnoll!
The gnoll is almost dead.
The gnoll completely misses you.
You barely miss the gnoll. You tail-slap the gnoll.
The gnoll is almost dead.
The gnoll misses you. The gnoll barely misses you.
You closely miss the gnoll.
The gnoll is almost dead.
The gnoll barely misses you.
You barely miss the gnoll.
The gnoll is almost dead.
The gnoll hits you with a +0 club.
* * * LOW HITPOINT WARNING * * *
You hit the gnoll but do no damage.
Your tail-slap misses the gnoll.
The gnoll is almost dead.
The gnoll barely misses you.
You slash the gnoll!
You kill the gnoll!
You barely miss the gnoll. The gnoll hits you with a +0 flail!
* * * LOW HITPOINT WARNING * * *
Unknown command.
You slash the gnoll!
The gnoll is severely wounded.
The gnoll hits you with a +0 flail!
You die...

#.#)#.#..##..........##.#.....'..
.#...#..###.########.#.##.....###
.......####.# #.##.#.....# #
##'''###....# #.......#### #
.....รท....## ######### #
...........# # ....<......#### #
..............##### #
#############.(g@.## # #####..##
##..## ##..####
......#....#########
......####.........# ......
#########.. ...... ##. ......
#######


You could see a gnoll.

Vanquished Creatures
  2 gnolls (D:3)
  2 adders (D:2)
  3 worms (D:2)
  3 dart slugs
  An orc (D:3)
  9 endoplasms
  2 giant cockroaches
  5 goblins
  9 hobgoblins
  11 jackals
  6 quokkas
  3 ball pythons
  2 bats (D:1)
  4 frilled lizards
  5 kobolds
  7 rats
74 creatures vanquished.

Notes
Turn   | Place    | Note
-------+----------+-------------------------------------------
     0 | D:1      | xian the Draconian Gladiator began the quest for the Orb.
     0 | D:1      | Reached XP level 1. HP: 17/17 MP: 1/1
   302 | D:1      | Reached XP level 2. HP: 23/24 MP: 2/2
   893 | D:1      | Reached XP level 3. HP: 27/30 MP: 3/3
  1899 | D:2      | Reached skill level 4 in Axes
  1899 | D:2      | Reached XP level 4. HP: 34/37 MP: 4/4
  2004 | D:2      | Reached skill level 1 in Stealth
  2597 | D:2      | Found a faded altar of an unknown god.
  3255 | D:3      | HP: 1/37 [gnoll/+0 flail (10)]
  3256 | D:3      | Mangled by a gnoll

Illustrated notes

Levels and vault maps discovered:
D:1:      lightli_arrival_noodles, layout_loops_corners
D:2:      layout_loops_corners, dilly_ecumenical_altar_fadedgnrine,
          grunt_decor_arrowhead
D:3:      layout_basic, ebering_ghost_rock_garden, kennysheep_cluttered_room,
          minivault_4, minmay_misc_feat_tiny

Skill      XL: |  1  2  3  4 |
---------------+-------------+-----
Dodging        | 3 |  3.6
Axes           | 4 |  4.4
Stealth        | 1 |  1.1
Fighting       | |  2.7
Throwing       | |  1.9

Action                   |  1- 3 |  4- 6 || total
-------------------------+-------+-------++-------
Melee: War axe           |   132 |    88 ||   220
       Tailslap          |    12 |     9 ||    21
       Punch             |     1 |       ||     1
Throw: Stone             |     8 |     3 ||    11
       Dart              |       |     3 ||     3
       Throwing net      |       |     2 ||     2
 Stab: Sleeping          |     3 |     2 ||     5
       Held in net/web   |       |     1 ||     1
Armor: Skin              |    56 |    29 ||    85
Dodge: Dodged            |    95 |    82 ||   177
